 Dungeon Crawl Stone Soup version 0.27-a0-1186-g8b4daa1eef (webtiles) character file.

Game seed: 110592240289184059

25 bisexualwizard the Insei (level 3, -8/26 HPs)
             Began as an Octopode Monk on May 19, 2021.
             Mangled by a gnoll
             ... wielding a +0 flail
              (13 damage)
             ... on level 2 of the Dungeon.
             The game lasted 00:01:35 (1305 turns).

bisexualwizard the Insei (Octopode Monk)            Turns: 1305, Time: 00:01:36

Health: -8/26      AC:  1    Str: 11    XL:     3   Next: 6%
Magic:  3/3        EV: 14    Int: 12    God:
Gold:   33         SH:  0    Dex: 14    Spells: 2/2 levels left

rFire    . . .     SeeInvis .     - Unarmed
rCold    . . .     Faith    .   (no shield)
rNeg     . . .     Spirit   .   (helmet restricted)
rPois    .         Reflect  .   (no amulet)
rElec    .         Harm     .   (no ring)
rCorr    .         Rampage  .   (no ring)
Will     .....                  (no ring)
Stlth    +++.......             (no ring)
HPRegen  0.08/turn              (no ring)
MPRegen  0.08/turn              (no ring)
                                (no ring)
                                (no ring)

@: no status effects
A: almost no armour, amphibious, 8 rings, camouflage 1, gelatinous body 1,
(nimble swimmer 1), tentacles
a: no special abilities


You were on level 2 of the Dungeon.
You visited 1 branch of the dungeon, and saw 2 of its levels.

You collected 33 gold pieces.

Inventory:

Scrolls
 a - a scroll of identify {unknown}
 b - a scroll of vulnerability {unknown}
 c - a scroll of acquirement {unknown}
 d - a scroll of brand weapon {unknown}


   Skills:
 - Level 3.0 Fighting
 - Level 3.0 Dodging
 + Level 3.0 Stealth
 * Level 4.0 Unarmed Combat


You had 2 spell levels left.
You didn't know any spells.
Your spell library was empty.

Dungeon Overview and Level Annotations

Branches:
Dungeon (2/15)

Altars:


Innate Abilities, Weirdness & Mutations

You cannot wear most types of armour.
You are amphibious.
You can wear up to eight rings at the same time.
Your skin changes colour to match your surroundings (Stealth+).
Your rubbery body absorbs attacks. (AC +1, EV +1)
((You are camouflaged near water. (Stealth+)))
You have tentacles for arms and can constrict up to eight enemies at once.


Message History

You see here a +0 club.
You climb downwards.
A quokka and 2 gnolls come into view.
There is a stone staircase leading up here.
The helpless quokka fails to defend itself.
You tentacle-slap the quokka but do no damage.
Your grab misses the quokka.
The gnoll shouts! x2
The quokka closely misses you.
A quokka comes into view.
You hear a shout!
The gnoll hits you from afar with a +0 halberd.
The bat barely misses you. The quokka bites you.
You climb upwards.
There is a stone staircase leading down, spattered with blood here.
You see here a +0 club.
You closely miss the quokka. You grab the quokka.
You squeeze the quokka, but do no damage.
You constrict the quokka, but do no damage.
The quokka barely misses you.
You barely miss the quokka. You constrict the quokka.
The quokka barely misses you.
You tentacle-slap the quokka but do no damage.
You squeeze the quokka.
You kill the quokka!
Your Stealth skill increases to level 3!
No target in view!
You start resting.
HP restored.
You climb downwards.
A quokka and a giant cockroach come into view.
The bat closely misses you. The gnoll hits you with a +0 flail!
Ouch! That really hurt!
The gnoll hits you with a +0 flail!
* * * LOW HITPOINT WARNING * * *
The gnoll hits you but does no damage.
The giant cockroach moves out of view.
There is a stone staircase leading up, spattered with blood here.
The gnoll hits you with a +0 flail!
Ouch! That really hurt!
You die...

.. .#
.. B##
g.# b.#
##gr#
#@g.#
#...#.#
###.# #
#.. ###


You could see 3 gnolls, a quokka, a giant cockroach and a bat.

Vanquished Creatures
  A dart slug (D:1)
  4 bats (D:1)
  5 goblins (D:1)
  2 hobgoblins (D:1)
  2 quokkas (D:1)
  2 frilled lizards (D:1)
  3 kobolds (D:1)
  2 rats (D:1)
21 creatures vanquished.

Vanquished Creatures (others)
  An octopode (D:1)
  A gargoyle (D:1)
  A vine stalker (D:1)
  3 elves (D:1)
  2 humans (D:1)
  2 dwarves (D:1)
  2 centaurs (D:1)
  A mummy (D:1)
  An orc (D:1)
  A kobold (D:1)
  5 tentacles (D:1)
20 creatures vanquished.

Grand Total: 41 creatures vanquished

Notes
Turn   | Place    | Note
-------+----------+-------------------------------------------
     0 | D:1      | bisexualwizard the Octopode Monk began the quest for the
                  | Orb.
     0 | D:1      | Reached XP level 1. HP: 16/16 MP: 1/1
     2 | D:1      | Noticed an octopode
     2 | D:1      | Noticed a vine stalker
     2 | D:1      | Noticed an elf
     2 | D:1      | Noticed a gargoyle
     2 | D:1      | Noticed a dwarf
     2 | D:1      | Noticed a centaur
     2 | D:1      | Noticed an elf
     2 | D:1      | Noticed a kraken
     2 | D:1      | Noticed a human
     2 | D:1      | Noticed a centaur
     2 | D:1      | Noticed an elf
     2 | D:1      | Noticed a human
     2 | D:1      | Noticed a dwarf
     4 | D:1      | Killed a centaur
     5 | D:1      | Killed a centaur
     6 | D:1      | Killed an octopode
     8 | D:1      | Killed an elf
     8 | D:1      | Killed a vine stalker
     8 | D:1      | Killed a gargoyle
    11 | D:1      | Killed a human
    11 | D:1      | Killed an elf
    11 | D:1      | Killed a dwarf
    15 | D:1      | Killed a human
    15 | D:1      | Killed an elf
    16 | D:1      | Killed a dwarf
   346 | D:1      | Reached XP level 2. HP: 21/21 MP: 2/2
  1130 | D:1      | Reached skill level 4 in Unarmed Combat
  1141 | D:1      | Reached XP level 3. HP: 26/26 MP: 3/3
  1305 | D:2      | Mangled by a gnoll

Illustrated notes

Levels and vault maps discovered:
D:1:      nicolae_arrival_kraken_aquarium_b, layout_basic,
          kennysheep_another_room
D:2:      layout_basic, shapermc_ecumenical_altar_mp_ritualfount,
          grunt_decor_one_mirror, minmay_misc_feat_nine_boxes, uniq_jessica

Skill      XL: |  1  2  3 |
---------------+----------+-----
Unarmed Combat | 4 |  4.0
Stealth        | 3 |  3.0
Fighting       | |  3.0
Dodging        | |  3.0

Action                   || total
-------------------------++-------
Melee: Unarmed           ||    39
       Constrict         ||    11
       Tentacles         ||     8
 Stab: Sleeping          ||     5
Armor: Skin              ||     3
Dodge: Dodged            ||    19

Table legend: (Time is in decaauts)
 A = Elapsed time spent in this place.
 B = Non-inter-level travel time spent in this place.
 C = Inter-level travel time spent in this place.
 D = Time resting spent in this place.
 E = Time spent auto-exploring this place.
 F = Levels seen in this place.
 G = Mean time per level.
                   A        B        C        D        E       F      G
               +--------+--------+--------+--------+--------+-----+--------+
         Total |   1303 |   1243 |     60 |    222 |    898 |   2 |  651.5 |
       Dungeon |   1303 |   1243 |     60 |    222 |    898 |   2 |  651.5 |
               +--------+--------+--------+--------+--------+-----+--------+

Top non-repeatable levels by time:
     D:1: 1299 daAuts
     D:2: 4 daAuts
